 Dungeon Crawl Stone Soup version 0.20.1-1-g8b1a95d (webtiles) character file.

1723 manon the Cleaver (level 8, -4/70 HPs)
             Began as a Minotaur Fighter on Oct 31, 2017.
             Was a Priest of Okawaru.
             Killed from afar by Erolcha (10 damage)
             ... with a bolt of cold
             ... on level 9 of the Dungeon.
             The game lasted 00:36:10 (4788 turns).

manon the Cleaver (Minotaur Fighter)                Turns: 4788, Time: 00:36:12

Health: -4/70      AC:  8    Str: 22    XL:     8   Next: 75%
Magic:  0/9        EV:  9    Int:  5    God:    Okawaru [***...]
Gold:   385        SH:  0    Dex: 11    Spells: 7/7 levels left

rFire    . . .     SeeInvis .   I - +0 battleaxe
rCold    . . .     Gourm    .   (shield currently unavailable)
rNeg     . . .     Faith    .   d - +0 scale mail
rPois    .         Spirit   +   (helmet restricted)
rElec    .         Reflect  .   (no cloak)
rCorr    .         Harm     .   w - +0 pair of gloves (curse)
MR       .....                  (no boots)
Stlth    ..........             t - amulet of guardian spirit
Regen    0.3/turn               (no ring)
MPRegen  0.2/turn               (no ring)

@: slowed, very slow
A: retaliatory headbutt, horns 2
a: Heroism, Renounce Religion


You were on level 9 of the Dungeon.
You worshipped Okawaru.
Okawaru was most pleased with you.
You were not hungry.

You visited 1 branch of the dungeon, and saw 8 of its levels.
You also visited: Sewer.

You collected 385 gold pieces.

Inventory:

Hand Weapons
 a - a +0 war axe
 b - a +0 hunting sling
 I - a +0 battleaxe (weapon)
 J - a +0 morningstar
Missiles
 p - 34 poisoned needles
 r - 49 arrows
 y - 31 sling bullets
 H - 30 bolts
Armour
 c - a +1 shield
 d - a +0 scale mail (worn)
 w - a cursed +0 pair of gloves (worn)
 D - +0 ice dragon scales
Jewellery
 t - an amulet of guardian spirit (around neck)
Wands
 E - a wand of acid (6/15)
 F - a wand of confusion (19/48)
Scrolls
 h - 5 scrolls of remove curse
 i - a scroll of blinking
 l - 2 scrolls of enchant armour
 m - a scroll of amnesia
 o - a scroll of fear {unknown}
 C - a scroll of teleportation {unknown}
Potions
 e - 2 potions of curing
 j - 2 potions of mutation {unknown}
 k - 3 potions of brilliance
 n - a potion of cancellation
 q - a potion of haste {unknown}
 u - 2 potions of flight {unknown}
 v - a potion of resistance {unknown}
 x - 2 potions of heal wounds {unknown}
 z - a potion of degeneration {unknown}
 G - a potion of berserk rage {unknown}
Comestibles
 f - 8 bread rations
 g - 2 meat rations


   Skills:
 - Level 5.9 Fighting
 * Level 11.4 Axes
 - Level 3.6 Armour
 - Level 3.6 Shields
 + Level 3.0 Invocations
 + Level 2.5 Evocations


You had 7 spell levels left.
You didn't know any spells.

Dungeon Overview and Level Annotations

Branches:
Dungeon (7/15)             Temple (0/1) D:4             Orc (0/2) D:9

Altars:
Cheibriados
Dithmenos
Elyvilon
Makhleb
Okawaru
Ru
Sif Muna
Uskayaw
Xom
Yredelemnul

Annotations:
D:2 1 runed door
D:3 glosham's ghost, amateur DEAK
D:5 Malachi's ghost, novice DsFi
D:9 Erolcha


Innate Abilities, Weirdness & Mutations

You reflexively headbutt those who attack you in melee.
You have a pair of horns on your head.


Message History

The hound barely misses you. You furiously retaliate!
You headbutt the hound. The hound closely misses you.
Okay, then.
Unknown command.
You slash Erolcha! You headbutt Erolcha!
Erolcha is severely wounded.
You slash the hound! The hound bites you but does no damage.
Erolcha hits you with a giant club. The hound bites you.
Erolcha casts a spell at you. The bolt of cold hits you!
The hound closely misses you. Erolcha hits you with a giant club!!
* * * LOW HITPOINT WARNING * * *
Unknown command.
You slash Erolcha!
Erolcha is almost dead.
You closely miss the hound.
Erolcha is no longer covered in acid.
The hound closely misses you. Erolcha casts a spell at you.
The bolt of cold hits you!
You die...

.* ###..####...##
**,,****,,** .*
##....#....## **,,**,,**
.* ##..)......## **,,,,**
.* ##.........#* *,,,,*
#*** ##.....#...** *,,,,*
*,≈*
#.....##,,,###**,,,,**
,≈*****
##.....##,...##,,,,,,**
,,*,,,***
##....)#...>..,,,,,,,**
,≈+,*,+,*
###..@O).....,,****,,*
,,*,,,*****
##.(h......*** **,*
,≈***** *,** ##..O.....*
*,, ,,≈* *,,* #....l..#*
*****,, ****
*,,****#.......#***,**,,,
*
**,,,,,.....?..#*,,****,,
* *,,,,,#####...#*,** *,,
**
******,****...#*,,****,,
,**********
***,*,,,,,**,,**,,,


You could see a two-headed ogre, Erolcha, a wyvern and a hound.

Vanquished Creatures
  A hippogriff (D:7)
  Menkaure (D:6)
  Duvessa (D:5)
  A sky beast (D:5)
  A phantom (D:5)
  A necrophage (D:9)
  A big kobold (Sewer)
  A bullfrog (D:6)
  Dowan (D:5)
  2 scorpions
  5 wights (D:9)
  A howler monkey (D:6)
  A crimson imp (D:5)
  A hound (D:5)
  An orc wizard (D:4)
  A bullfrog skeleton (D:5)
  Natasha (twice) (D:2)
  Terence (D:2)
  2 worker ants
  A hound skeleton (D:5)
  A worker ant zombie (D:6)
  6 gnolls
  9 adders
  2 river rats
  3 oozes
  4 worms
  2 dart slugs
  6 leopard geckos
  4 orcs
  6 giant cockroaches
  3 hobgoblins
  12 jackals
  15 kobolds
  A quokka (D:6)
  7 bats
  6 frilled lizards
  9 goblins
  A jackal skeleton (D:4)
  12 rats
136 creatures vanquished.

Notes
Turn   | Place    | Note
-------+----------+-------------------------------------------
     0 | D:1      | manon the Minotaur Fighter began the quest for the Orb.
     0 | D:1      | Reached XP level 1. HP: 19/19 MP: 0/0
    94 | D:1      | Reached XP level 2. HP: 27/27 MP: 1/1
   192 | D:1      | Reached skill level 3 in Axes
   469 | D:2      | Found a shimmering altar of Xom.
   479 | D:2      | Reached XP level 3. HP: 33/33 MP: 2/2
   552 | D:2      | Reached skill level 4 in Axes
   601 | D:2      | Found an iron altar of Okawaru.
   610 | D:2      | Became a worshipper of Warmaster Okawaru
   756 | D:2      | Noticed Natasha
   772 | D:2      | Killed Natasha
   772 | D:2      | Reached XP level 4. HP: 18/40 MP: 3/3
   866 | D:2      | Reached skill level 5 in Axes
   940 | D:2      | Noticed Terence
   951 | D:2      | Killed Terence
   973 | D:2      | Reached XP level 5. HP: 27/47 MP: 4/4
   995 | D:2      | Found a shadowy altar of Dithmenos.
  1085 | D:2      | Noticed Natasha
  1089 | D:2      | Killed Natasha
  1089 | D:2      | Reached skill level 6 in Axes
  1099 | D:2      | Found a deep blue altar of Sif Muna.
  1284 | D:2      | Found a runed door.
  1526 | D:3      | Noticed glosham's ghost (amateur DEAK)
  1689 | D:2      | Found a sacrificial altar of Ru.
  1689 | D:2      | Found a snail-covered altar of Cheibriados.
  1982 | D:3      | Found a glowing drain.
  1988 | Sewer    | Entered a sewer
  1995 | Sewer    | Reached skill level 7 in Axes
  2138 | Sewer    | Reached XP level 6. HP: 48/53 MP: 5/5
  2140 | Sewer    | Reached * piety under Okawaru
  2160 | Sewer    | Found a white marble altar of Elyvilon.
  2283 | D:3      | Found a white marble altar of Elyvilon.
  2455 | D:4      | Reached skill level 8 in Axes
  2715 | D:4      | Found a staircase to the Ecumenical Temple.
  2781 | D:4      | Found a hide-covered altar of Uskayaw.
  2977 | D:5      | Entered Level 5 of the Dungeon
  3146 | D:5      | Got a faintly glowing pewter amulet
  3158 | D:5      | Reached XP level 7. HP: 60/60 MP: 6/6
  3181 | D:5      | Reached skill level 5 in Fighting
  3297 | D:5      | Reached skill level 9 in Axes
  3397 | D:5      | Found a basalt altar of Yredelemnul.
  3452 | D:5      | Found a burning altar of Makhleb.
  3533 | D:5      | Noticed Duvessa
  3542 | D:5      | Killed Duvessa
  3543 | D:5      | Noticed Dowan
  3549 | D:5      | Killed Dowan
  3549 | D:5      | Reached ** piety under Okawaru
  3652 | D:5      | Reached skill level 10 in Axes
  3828 | D:5      | Noticed Malachi's ghost (novice DsFi)
  3998 | D:6      | Identified the amulet "Juung" {Inacc rN+ Str+4 Int+2} (You found it on level 5 of the Dungeon)
  4009 | D:6      | Noticed Menkaure
  4016 | D:6      | Killed Menkaure
  4016 | D:6      | Reached XP level 8. HP: 13/69 MP: 2/7
  4447 | D:6      | Reached skill level 11 in Axes
  4690 | D:7      | Noticed a hippogriff
  4701 | D:7      | Killed a hippogriff
  4701 | D:7      | Reached *** piety under Okawaru
  4701 | D:7      | Reached skill level 1 in Invocations
  4701 | D:7      | Reached skill level 1 in Evocations
  4743 | D:7      | You fall through a shaft for 2 floors!
  4782 | D:9      | Noticed Erolcha
  4785 | D:9      | Noticed a two-headed ogre
  4788 | D:9      | Killed from afar by Erolcha

Skill      XL: |  1  2  3  4  5  6  7  8 |
---------------+-------------------------+-----
Fighting       | 4 5 |  5.9
Axes           | 3 4 5 7 8 10 11 | 11.4
Invocations    | 3 |  3.0
Evocations     | 2 |  2.5
Armour         | |  3.6
Shields        | |  3.6

Action                   |  1- 3 |  4- 6 |  7- 9 || total
-------------------------+-------+-------+-------++-------
Melee: War axe           |    62 |   217 |    95 ||   374
       Headbutt          |     6 |    36 |    20 ||    62
       Battleaxe         |       |       |    23 ||    23
Throw: Tomahawk          |       |     1 |    18 ||    19
Evoke: Wand              |       |       |     4 ||     4
  Use: Potion            |     2 |     1 |       ||     3
       Scroll            |       |     3 |     5 ||     8
 Stab: Confused          |       |       |     1 ||     1
  Eat: Chunk             |       |     8 |     2 ||    10
       Meat ration       |       |       |     1 ||     1
       Royal jelly       |       |       |     1 ||     1
Armor: Scale mail        |    27 |    53 |    36 ||   116
Dodge: Dodged            |    21 |    44 |    30 ||    95
Block: Shield            |    20 |   132 |    35 ||   187
